 Dungeon Crawl Stone Soup version 0.31-a0-931-g7b59d4eb97 (webtiles) character file.

Game seed: 18107098869503277151

179 Arzdou the Ruffian (level 5, 0/51 HPs)
             Began as an Octopode Shapeshifter on Oct 20, 2023.
             Slain by an ogre
             ... wielding a +0 giant club
              (3 damage)
             ... on level 4 of the Dungeon.
             The game lasted 00:10:49 (2935 turns).

Arzdou the Ruffian (Octopode Shapeshifter)          Turns: 2935, Time: 00:10:50

Health: 0/51       AC: 22    Str: 14    XL:     5   Next: 59%
Magic:  0/8        EV:  2    Int: 14    God:
Gold:   189        SH:  0    Dex: 11    Spells: 7/8 levels left

rFire   + .          .
                       - Unarmed
rCold   . . .        (no shield)
rNeg    . . .        (helmet currently unavailable)
rPois   +            d - amulet of guardian spirit
rElec   .            w - ring of protection from fire
rCorr   .            (no ring)
SInv    .            (no ring)
Will    .....        (no ring)
Stlth   +            (no ring)
HPRegen 0.28/turn    (no ring)
MPRegen 0.11/turn    (no ring)
                     (no ring)

%: guardian spirit
@: mighty, tree-form
A: stationary, stasis, torment immunity, boosted hp, almost no armour,
(amphibious), 8 rings, (camouflage 1), (gelatinous body 1), (nimble swimmer 1),
(tentacles)
a: no special abilities


You were on level 4 of the Dungeon.
You were a tree.
You visited 1 branch of the dungeon, and saw 4 of its levels.

You collected 189 gold pieces.

Inventory:

Armour
 h - a +0 helmet
 x - a scarf of invisibility
Jewellery
 d - an amulet of guardian spirit (around neck)
 w - a ring of protection from fire (left branch)
Talismans
 b - a beast talisman
 c - a flux talisman
Wands
 q - a wand of flame (20)
Scrolls
 e - a scroll of silence
 g - 2 scrolls of revelation
 i - 2 scrolls of teleportation
 o - a scroll of amnesia
 t - a scroll of immolation
 u - 4 scrolls of enchant weapon
Potions
 a - 2 potions of lignification
 f - a potion of might
 j - 2 potions of enlightenment {unknown}
 l - 2 potions of brilliance {unknown}
 m - a potion of haste {unknown}
 n - a potion of invisibility {unknown}
 r - a potion of mutation {unknown}
 s - a potion of cancellation {unknown}
 v - a potion of attraction {unknown}
 z - a potion of curing {unknown}


   Skills:
 - Level 2.0 Fighting
 - Level 2.7 Dodging
 - Level 3.5 Unarmed Combat
 + Level 2.0 Spellcasting
 + Level 2.2 Ice Magic
 - Level 3.4 Shapeshifting


You had 7 spell levels left.
You knew the following spells:

 Your Spells              Type           Power      Damage    Failure   Level
a - Freeze                Ice            28%        1d5       10%         1

Your spell library contained the following spells:

 Spells                   Type           Power      Damage    Failure   Level
 Wereblood                Tmut           1%         N/A       34%         2
 Irradiate                Conj/Tmut      0%         3d11      100%        5


Dungeon Overview and Level Annotations

Branches:
Dungeon (4/15)
 Temple: D:4-7

Altars:
Dithmenos
Hepliaklqana

Shops:
D:1 (

Annotations:
D:3 1 exclusion, Grinder, Terence
D:4 Ijyb, Menkaure


Innate Abilities, Weirdness & Mutations

You are a tree.
Your roots penetrate the ground, keeping you stationary.
You cannot be teleported.
You are immune to unholy pain and torment.
Your maximum health is greatly increased.
You cannot wear most types of armour.
((You are amphibious.))
You can wear up to eight rings at the same time.
((Your skin changes colour to match your surroundings (Stealth+).))
((Your rubbery body absorbs attacks. (AC +1, EV +1)))
((You are camouflaged when in or above water. (Stealth+)))
((You have tentacles for arms and can constrict up to eight enemies at once.))


Message History

You throw a poisoned dart.
The poisoned dart barely misses the ogre.
Menkaure, Prince of Dust comes into view.
The ogre looks more healthy.
Unknown command.
There is a stone staircase leading up here.
You climb upwards.
Level annotation: 1 exclusion, Grinder, Terence
There is a stone staircase leading down here.
As you read the scroll labelled ETAJUE TOLAR, it crumbles to dust.
It is a scroll of identify.
u - 4 scrolls of enchant weapon
As you read the scroll of identify, it crumbles to dust.
g - 2 scrolls of revelation
As you read the scroll of identify, it crumbles to dust.
i - 2 scrolls of teleportation
As you read the scroll of identify, it crumbles to dust.
e - a scroll of silence
As you read the scroll of identify, it crumbles to dust.
o - a scroll of amnesia
As you read the scroll of identify, it crumbles to dust.
t - a scroll of immolation
As you read the scroll of identify, it crumbles to dust.
f - 2 potions of might
Okay, then.
There is a stone staircase leading down here.
You climb downwards.
Level annotation: Ijyb, Menkaure The ogre hits you with a +0 giant club!!
Ouch! That really hurt!
There is a stone staircase leading up, spattered with blood here.
You feel very mighty all of a sudden. The ogre hits you with a +0 giant club!
* * * LOW HITPOINT WARNING * * *
Your transformation has ended.
You turn into a tree.
Your roots penetrate the ground.
You smack the ogre!
The ogre is heavily wounded.
The ogre hits you with a +0 giant club.
You die...

.##.# #..##.# #.# ..#.# #..##.#
#.# .##.######## #..##.# #†#
...........# #..##.# #)#
........##.# #..##.# #.#
#.#.###.##.# #).#..# #)## #.#.#
#.##.# #÷....#######..#
#.#.###.##.######O.##..........##
................♣..########......
###..##.##.#######.# ##.####
.....##.##.# #.#########.#
####.##.##.# #.O.O.......####
#.##.# ###########..... #.##.#
#..### ..##.. #..... ## ###
##.### #.. .


You could see an ogre.

Vanquished Creatures
  A jelly (D:4)
  A gnoll (D:1)
  2 adders
  3 worms
  6 dart slugs
  4 orcs
  5 endoplasms
  3 giant cockroaches
  12 goblins
  8 hobgoblins
  4 jackals
  10 kobolds
  5 quokkas
  9 ball pythons
  6 bats
  2 frilled lizards
  3 rats
84 creatures vanquished.

Notes
Turn   | Place    | Note
-------+----------+-------------------------------------------
     0 | D:1      | Arzdou the Octopode Shapeshifter began the quest for the
                  | Orb.
     0 | D:1      | Reached XP level 1. HP: 13/13 MP: 1/1
   203 | D:1      | Reached XP level 2. HP: 18/18 MP: 2/2
   317 | D:1      | Reached XP level 3. HP: 15/23 MP: 1/3
   636 | D:1      | Found Yddi's Antique Weapon Shoppe.
   671 | D:2      | Identified the of Pimpig
  1059 | D:2      | Reached XP level 4. HP: 24/29 MP: 1/4
  1140 | D:2      | Found a faded altar of an unknown god.
  1537 | D:2      | Found a shadowy altar of Dithmenos.
  1737 | D:3      | Identified the +7 trident "Glorpo" {freeze, *Corrode rN++}
  1910 | D:3      | Reached skill level 1 in Ice Magic
  1919 | D:3      | Noticed Grinder
  2006 | D:3      | Reached skill level 1 in Spellcasting
  2100 | D:3      | Noticed Terence
  2303 | D:4      | Learned a level 1 spell: Freeze
  2368 | D:4      | Reached XP level 5. HP: 34/34 MP: 6/6
  2417 | D:4      | Noticed Ijyb
  2525 | D:4      | Noticed an ogre
  2683 | D:4      | Noticed a phantom
  2692 | D:4      | Found a hazy altar of Hepliaklqana.
  2870 | D:4      | Noticed Menkaure
  2933 | D:4      | HP: 1/34 [ogre/+0 giant club (13)]
  2935 | D:4      | Slain by an ogre

Illustrated notes

Levels and vault maps discovered:
D:1:      dpeg_arrival_simpleton_a, layout_rooms, serial_shops,
          nicolae_shop_window_shopping, minmay_quantized
D:2:      minmay_inner_zag, layout_loops_ring, basic_altar,
          shapermc_ecumenical_altar_rom_forum, chequers_arboretum
D:3:      layout_loops_ring, uniq_terence, uniq_grinder
D:4:      kennysheep_the_goblin_king, layout_loops_ring,
          mainiacjoe_overflow_24_doors, portal_sewer_entry_d,
          minmay_misc_feat_enclosed, columned_hall_lemuel, uniq_menkaure

Skill      XL: |  1  2  3  4  5 |
---------------+----------------+-----
Fighting       | 2 |  2.0
Ice Magic      | 1 2 |  2.2
Spellcasting   | 1 2 |  2.0
Dodging        | |  2.7
Unarmed Combat | |  3.5
Shapeshifting  | |  3.4

Action                     |  1- 3 |  4- 6 || total
---------------------------+-------+-------++-------
  Melee: Unarmed           |    56 |    89 ||   145
         Constrict         |    14 |    24 ||    38
         Tentacles         |    10 |    25 ||    35
         Punch             |     1 |     3 ||     4
  Throw: Dart              |       |     7 ||     7
  Evoke: Wand              |     4 |       ||     4
    Use: Scroll            |       |     7 ||     7
         Potion            |       |     2 ||     2
   Stab: Sleeping          |     3 |     6 ||     9
         Distracted        |       |     1 ||     1
 Armour: Skin              |    24 |    30 ||    54
  Dodge: Dodged            |    32 |    55 ||    87

Table legend: (Time is in decaauts)
 A = Elapsed time spent in this place.
 B = Non-inter-level travel time spent in this place.
 C = Inter-level travel time spent in this place.
 D = Time resting spent in this place.
 E = Time spent auto-exploring this place.
 F = Levels seen in this place.
 G = Mean time per level.
                   A        B        C        D        E       F      G
               +--------+--------+--------+--------+--------+-----+--------+
         Total |   2928 |   2662 |    266 |     39 |   1832 |   4 |  732.0 |
       Dungeon |   2928 |   2662 |    266 |     39 |   1832 |   4 |  732.0 |
               +--------+--------+--------+--------+--------+-----+--------+

Top non-repeatable levels by time:
     D:2: 873 daAuts
     D:1: 733 daAuts
     D:3: 663 daAuts
     D:4: 658 daAuts
